Map: World of Sleepers LE

Players

Stephano - Winner!

  • Race: Zerg Zerg
  • Spawn Location: 1:00

NYK

  • Race: Zerg Zerg
  • Spawn Location: 7:00

VOD

Have the link to the VOD?

Description

Time

  • Played on: Sept. 6, 2019, 1:24 p.m.
  • Length: 8:01
Show
View Real Time Build Order
Export as new Build Order

Stephano Zerg - Winner!

Build Orders: Hatch First 

Get SALT Encoding   

  12  0:00  Drone  
  13  0:12  Overlord  
  13  0:16  Drone  
  14  0:30  Drone x2  
  16  0:48  Hatchery  
  15  0:50  Drone  
  15  0:54  Drone  
  17  0:57  Drone  
  18  1:08  Extractor  
  17  1:12  Spawning Pool  
  17  1:15  Drone  
  17  1:19  Drone  
  18  1:29  Drone  
  20  1:40  Drone  
  20  1:49  Drone  
  21  1:59  Queen x2  
  21  2:00  Overlord, Zergling x2  
  26  2:11  Drone x2, Metabolic Boost  
  28  2:21  Drone  
  28  2:22  Drone  
  30  2:31  Hatchery  
  29  2:38  Queen  
  29  2:43  Overlord  
  31  2:49  Drone  
  32  2:54  Baneling Nest  
  32  2:55  Drone  
  32  2:59  Drone  
  32  3:00  Drone  
  32  3:03  Drone  
  35  3:07  Zergling x4  
  35  3:08  Drone  
  35  3:12  Drone x2  
  40  3:15  Drone  
  40  3:19  Drone  
  42  3:21  Overlord  
  42  3:25  Drone x2  
  44  3:34  Overlord  
  44  3:37  Baneling  
  44  3:43  Drone x5  
  44  3:47  Unknown  
  48  3:52  Zergling x4  
  48  3:54  Drone, Roach Warren  
  48  3:55  Evolution Chamber  
  49  4:00  Zergling x6  
  49  4:02  Baneling x2  
  52  4:05  Drone x2  
  52  4:09  Drone  
  55  4:13  Drone x3  
  57  4:20  Drone x3  
  57  4:22  Overlord  
  60  4:25  Overlord  
  60  4:27  Lair  
  60  4:29  Overlord  
  60  4:30  Baneling  
  60  4:31  Baneling  
  59  4:34  Roach  
  59  4:36  Overlord  
  61  4:41  Overlord, Zerg Missile Weapons Level 1  
  61  4:47  Drone x4  
  61  4:48  Drone  
  61  4:51  Drone x2  
  68  4:54  Drone x2  
  68  4:57  Baneling  
  68  4:58  Drone x3  
  73  5:00  Overlord  
  73  5:08  Overlord  
  73  5:10  Overlord  
  73  5:12  Overlord  
  72  5:16  Extractor  
  72  5:17  Extractor  
  72  5:18  Roach  
  72  5:19  Roach x4  
  72  5:20  Evolution Chamber  
  79  5:34  Roach x8  
  93  5:38  Glial Reconstitution  
  92  5:45  Roach x2  
  92  5:49  Extractor  
  93  5:51  Drone x4  
  93  5:54  Drone x3  
  93  5:55  Drone x2  
  102  6:01  Zerg Ground Armor Level 1  
  100  6:17  Roach x9  
  114  6:22  Overlord, Hatchery  
  114  6:23  Roach x2  
  113  6:26  Pneumatized Carapace  
  113  6:27  Roach  
  113  6:30  Roach x2  
  113  6:32  Roach x2  
  123  6:39  Overseer  
  123  6:45  Roach  
  123  6:46  Roach x4  
  123  6:47  Roach  
  135  6:52  Overlord  
  135  7:05  Roach x5  
  135  7:06  Overlord x2  
  145  7:11  Roach x3  
  149  7:18  Roach x2  
  149  7:22  Roach x4  
  141  7:24  Roach  
  141  7:25  Roach  
  141  7:28  Roach  
  141  7:29  Roach x2  
  137  7:36  Roach x4  
  139  7:40  Roach x2  
Show
View Real Time Build Order
Export as new Build Order

NYK Zerg 

Build Orders: Hatch First 

Get SALT Encoding   

  12  0:01  Drone  
  13  0:13  Overlord  
  13  0:16  Drone  
  14  0:32  Drone x2  
  16  0:49  Hatchery  
  15  0:52  Drone  
  15  0:55  Drone  
  17  0:59  Drone  
  18  1:10  Extractor  
  17  1:14  Spawning Pool  
  17  1:17  Drone  
  17  1:21  Drone  
  18  1:31  Drone  
  19  1:41  Overlord  
  19  1:53  Drone  
  20  2:00  Queen  
  20  2:01  Zergling x2, Queen  
  24  2:02  Drone  
  26  2:12  Drone x2, Metabolic Boost  
  28  2:22  Drone x2  
  30  2:38  Hatchery  
  30  2:43  Zergling x2  
  30  2:45  Drone  
  30  2:46  Drone x2  
  33  2:51  Queen  
  35  3:03  Overlord  
  34  3:08  Baneling Nest  
  34  3:11  Drone  
  34  3:15  Drone  
  34  3:16  Overlord  
  35  3:23  Overlord  
  35  3:25  Zergling x2  
  35  3:26  Zergling x8  
  40  3:35  Drone x2  
  42  3:42  Evolution Chamber  
  42  3:44  Drone x4  
  45  3:52  Baneling x2, Extractor  
  45  3:55  Drone, Zergling x2  
  45  3:56  Zergling x2  
  45  4:00  Overlord  
  47  4:09  Drone  
  48  4:10  Drone x5  
  48  4:13  Zerg Missile Weapons Level 1  
  53  4:23  Overlord  
  53  4:24  Drone  
  53  4:25  Drone x2, Roach Warren  
  55  4:32  Lair  
  55  4:37  Zergling x8  
  59  4:44  Overlord  
  58  4:47  Baneling x3  
  58  4:49  Extractor  
  57  5:00  Overlord  
  57  5:03  Drone x11  
  67  5:14  Overlord  
  67  5:16  Extractor  
  65  5:30  Baneling x3  
  65  5:34  Drone x8  
  71  5:45  Roach x8  
  82  5:53  Glial Reconstitution  
  82  5:57  Roach x5  
  91  5:58  Unknown  
  91  6:01  Roach x2  
  94  6:10  Roach  
  94  6:11  Roach x3  
  98  6:21  Roach  
  98  6:22  Roach x3  
  104  6:30  Evolution Chamber, Queen  
  105  6:34  Overlord  
  105  6:35  Overlord  
  105  6:43  Hatchery  
  105  6:44  Roach  
  105  6:46  Overlord x2  
  106  6:59  Drone x5  
  106  7:00  Roach  
  113  7:02  Ravager  
  113  7:03  Ravager  
  113  7:04  Ravager  
  113  7:05  Ravager  
  117  7:12  Roach x4  
  115  7:23  Roach x5  
  100  7:33  Roach x5  
  99  7:41  Roach x2  
  99  7:42  Roach  
  99  7:43  Ravager  
  92  7:47  Ravager  
  92  7:48  Ravager  
Tags
 
Add a new tag
Caveats
  • Supply blocks, unpowered buildings, or Contaminate may cause inaccurate times.
  • Supply counts are checked every 10 seconds.